 Dungeon Crawl Stone Soup version 0.28.0-53-g5a82cb258f (webtiles) character file.

Game seed: 17025142178002900321

5282 buhh the Transmogrifier (level 10, 0/85 HPs)
             Began as an Octopode Transmuter on June 16, 2022.
             Was a Believer of Cheibriados.
             Succumbed to a gnoll sergeant's poison
             ... on level 5 of the Dungeon.
             The game lasted 00:28:22 (12809 turns).

buhh the Transmogrifier (Octopode Transmuter)      Turns: 12809, Time: 00:28:23

Health: 0/85       AC: 12    Str: 14    XL:     10   Next: 63%
Magic:  13/13      EV: 10    Int: 25    God:    Cheibriados [**....]
Gold:   401        SH:  0    Dex: 18    Spells: 3/13 levels left

rFire   x x .      SeeInvis .     - Unarmed
rCold   + + +      Faith    .   (shield currently unavailable)
rNeg    . . .      Spirit   .   (helmet currently unavailable)
rPois   +          Reflect  .   h - amulet of magic regeneration
rElec   .          Harm     .   a - ring of ice
rCorr   .          Rampage  .   o - ring of poison resistance
Will    .....                   (no ring)
Stlth   ++........              (no ring)
HPRegen 0.24/turn               (no ring)
MPRegen 0.53/turn               (no ring)
                                (no ring)
                                (no ring)

@: lethally poisoned (0 -> -16), ice-form, wereblooded, very slow
A: freezing attack, boosted hp, almost no armour, amphibious, 8 rings, large,
(camouflage 1), (gelatinous body 1), (nimble swimmer 1), (tentacles)
a: End Transformation, Renounce Religion, Bend Time


You were on level 5 of the Dungeon.
You worshipped Cheibriados.
Cheibriados was pleased with you.
You were a creature of crystalline ice.
You visited 2 branches of the dungeon, and saw 10 of its levels.

You collected 401 gold pieces.

Inventory:

Missiles
 c - 60 sling bullets
 g - 2 throwing nets {!f}
 m - 26 poisoned darts
Armour
 k - a +0 hat
Magical Staves
 e - a staff of death
 n - a staff of earth
Jewellery
 a - a ring of ice (left front paw)
 h - an amulet of magic regeneration (around neck)
 i - an amulet of faith {!P}
 o - a ring of poison resistance (right front paw)
Wands
 G - a wand of paralysis (6)
Scrolls
 Q - a scroll of fog
 Z - a scroll of enchant armour
Potions
 b - a potion of degeneration
 d - 3 potions of attraction
 f - a potion of might
 l - a potion of berserk rage {unknown}
 p - a potion of lignification {unknown}
 K - a potion of brilliance {!q!d}
 U - a potion of mutation {!d}


   Skills:
 + Level 7.0 Fighting
 - Level 2.0 Dodging
 - Level 1.0 Stealth
 - Level 5.0 Unarmed Combat
 - Level 2.0 Spellcasting
 * Level 9.6 Transmutations
 - Level 8.0 Ice Magic
 - Level 3.0 Poison Magic
 + Level 3.8 Invocations


You had 3 spell levels left.
You knew the following spells:

 Your Spells              Type           Power      Damage    Failure   Level
a - Beastly Appendage     Tmut           100%       N/A       1%          1
b - Wereblood             Tmut           50%        N/A       1%          2
c - Spider Form           Tmut/Pois      34%        N/A       2%          3
d - Ice Form              Ice/Tmut       63%        N/A       3%          4

Your spell library contained the following spells:

 Spells                   Type           Power      Damage    Failure   Level
 Passwall                 Tmut/Erth      21%        N/A       2%          2
 Ignite Poison            Fire/Tmut/Pois 23%        N/A       6%          3
 Apportation              Tloc           4%         N/A       11%         1
 Sandblast                Erth           4%         2d4       11%         1
 Static Discharge         Conj/Air       2%         N/A       17%         2
 Conjure Flame            Conj/Fire      2%         6-21      32%         3
 Dazzling Flash           Conj/Hex       4%         N/A       32%         3
 Stone Arrow              Conj/Erth      4%         3d7       32%         3
 Summon Guardian Golem    Hex/Summ       2%         N/A       32%         3
 Alistair's Intoxication  Tmut/Pois      22%        N/A       24%         5
 Dispel Undead            Necr           2%         3d7       73%         4
 Sticky Flame             Conj/Fire      2%         2d3       73%         4
 Agony                    Necr           2%         N/A       97%         5
 Silence                  Hex/Air        1%         N/A       97%         5
 Orb of Destruction       Conj           1%         9d5       100%        7
 Spellforged Servitor     Conj/Summ      1%         N/A       100%        7
 Lehudib's Crystal Spear  Conj/Erth      1%         10d2      100%        8
 Animate Armour           Summ/Erth      Unusable   N/A       N/A         4

Dungeon Overview and Level Annotations

Branches:
Dungeon (9/15)             Temple (1/1) D:7
   Lair: D:8-11         Orc: D:9-12

Altars:
Ashenzari
Cheibriados
Dithmenos
Fedhas
Gozag
Hepliaklqana
Kikubaaqudgha
Nemelex Xobeh
Okawaru
Qazlal
Ru
Sif Muna
Trog
Uskayaw
Vehumet
Wu Jian
Xom
Zin
The Shining One

Annotations:
D:6 1 runed translucent door, exclusion: door, Crazy Yiuf
D:9 exclusion: obsidian statue


Innate Abilities, Weirdness & Mutations

You are a creature of crystalline ice.
You have a powerful freezing melee attack.
Your maximum health is increased.
Your armour is entirely melded.
You are incapable of wielding weapons or throwing items.
You cannot wear most types of armour.
You are amphibious.
You can wear up to eight rings at the same time.
((Your skin changes colour to match your surroundings (Stealth+).))
((Your rubbery body absorbs attacks. (AC +1, EV +1)))
((You are camouflaged when in or above water. (Stealth+)))
((You have tentacles for arms and can constrict up to eight enemies at once.))


Message History

You feel very sick. The hound completely misses you.
The gnoll throws a stone.
The stone hits you but does no damage. The hound barely misses you.
The jackal barely misses you. The gnoll sergeant closely misses you.
You feel sick. The hound bites you but does no damage.
The hound barely misses you.
The jackal bites you but does no damage.
The hound bites you but does no damage.
You punch the hound! You freeze the hound.
You feel a bit better.
You kill the hound!
Cheibriados thoroughly appreciates the change of pace.
You feel sick. The gnoll barely misses you. The jackal barely misses you.
The gnoll sergeant hits you from afar with a +3 trident of venom.
You are more poisoned.
You punch the gnoll! You freeze the gnoll.
You feel a bit better.
You kill the gnoll!
Cheibriados appreciates the change of pace.
You feel sick.
The jackal bites you but does no damage.
The gnoll sergeant closely misses you.
You barely miss the jackal.
You howl as the wereblood boils in your veins!
You feel sick. The jackal barely misses you.
The gnoll shaman hits you but does no damage.
You are electrocuted!
* * * LOW HITPOINT WARNING * * *
The gnoll sergeant hits you from afar with a +3 trident of venom!
* * * LOW HITPOINT WARNING * * *
The jackal barely misses you.
Okay, then.
Okay, then.
You barely miss the jackal.
* * * LOW HITPOINT WARNING * * *
You feel sick.
The jackal bites you but does no damage.
The gnoll sergeant hits you but does no damage.
You are more poisoned.
You hit the jackal. You freeze the jackal.
The jackal is heavily wounded.
You die...

##.....#....# . #..
#.#...#....#'' #.. ###...........
#.. #...()...... #..
##..).)h..... #.. ##....#....#''
#.. #...g)#....# #.. ###(†h#...?#
##.. ##########..Yg###### ##...
...............##########....
######.#..#####..................
............# #####...)........##
##..........###...........#.....#
###..........##....#''#...#......
..'..........#....##..##.....##..
..'.......)...÷...##..##....####.
###..#'''#÷...÷....####.....####.


You could see a gnoll sergeant, a gnoll shaman and a jackal.

Vanquished Creatures
  A centaur zombie (D:9)
  Maggie (D:7)
  6 yaks (D:9)
  Grum (D:5)
  An acid dragon (D:8)
  4 water moccasins
  3 ice beasts
  3 ogres
  3 centaurs
  A phantom (D:6)
  A wyvern zombie (D:8)
  A kobold brigand (D:9)
  4 bullfrogs
  4 scorpions
  3 gnoll sergeants
  4 wights (D:8)
  13 hounds
  5 orc priests
  3 jellies
  3 gnoll shamans (D:5)
  2 iguanas
  6 orc wizards
  A howler monkey zombie (D:9)
  21 gnolls
  4 adders
  A shadow imp (D:7)
  A white imp (D:7)
  An adder skeleton (D:4)
  4 dart slugs
  27 orcs
  6 endoplasms
  10 giant cockroaches
  4 goblins
  10 hobgoblins
  5 jackals (D:5)
  11 kobolds
  2 quokkas
  6 ball pythons
  7 bats
  4 frilled lizards
  A quokka skeleton (D:4)
  6 rats
205 creatures vanquished.

Vanquished Creatures (collateral kills)
  A killer bee zombie (D:5)
  A gnoll (D:5)
  An orc (D:5)
3 creatures vanquished.

Vanquished Creatures (others)
  An orc wizard (D:8)
  19 plants (D:8)
20 creatures vanquished.

Grand Total: 228 creatures vanquished

Notes
Turn   | Place    | Note
-------+----------+-------------------------------------------
     0 | D:1      | buhh the Octopode Transmuter began the quest for the Orb.
     0 | D:1      | Reached XP level 1. HP: 13/13 MP: 3/3
   172 | D:1      | Reached XP level 2. HP: 19/19 MP: 3/5
   622 | D:1      | Reached XP level 3. HP: 18/25 MP: 6/6
  1813 | D:2      | Reached XP level 4. HP: 32/32 MP: 7/7
  2851 | D:3      | Reached XP level 5. HP: 27/38 MP: 8/8
  3082 | D:3      | Noticed a black bear
  3243 | D:2      | Found a faded altar of an unknown god.
  3367 | D:5      | Entered Level 5 of the Dungeon
  3539 | D:4      | Noticed a water moccasin
  3969 | D:4      | Learned a level 2 spell: Wereblood
  3975 | D:4      | Killed a water moccasin
  3976 | D:4      | Reached XP level 6. HP: 12/46 MP: 9/9
  3980 | D:4      | Learned a level 3 spell: Spider Form
  4424 | D:4      | Reached XP level 7. HP: 17/52 MP: 10/10
  4695 | D:4      | Reached skill level 3 in Transmutations
  4975 | D:4      | Reached skill level 4 in Transmutations
  5390 | D:5      | Reached skill level 5 in Transmutations
  5943 | D:4      | Learned a level 4 spell: Ice Form
  6005 | D:5      | Reached skill level 6 in Transmutations
  6005 | D:5      | Reached XP level 8. HP: 21/57 MP: 11/11
  7005 | D:5      | Reached skill level 7 in Transmutations
  7558 | D:6      | Found a runed translucent door.
  7559 | D:6      | Noticed Crazy Yiuf
  7676 | D:6      | Reached skill level 8 in Transmutations
  8048 | D:6      | Reached XP level 9. HP: 50/62 MP: 12/12
  8703 | D:7      | Noticed Maggie
  8943 | D:7      | Found a staircase to the Ecumenical Temple.
  9171 | D:7      | Found a blossoming altar of Fedhas.
  9328 | Temple   | Entered the Ecumenical Temple
  9376 | Temple   | Became a worshipper of Cheibriados the Contemplative
  9536 | D:8      | Found an ancient bone altar of Kikubaaqudgha.
  9536 | D:8      | Found a radiant altar of Vehumet.
  9537 | D:8      | Found a sacrificial altar of Ru.
  9541 | D:8      | Found an opulent altar of Gozag.
 10154 | D:8      | Found a glowing silver altar of Zin.
 10154 | D:8      | Noticed an angel
 10613 | D:9      | Noticed an obsidian statue
 10632 | D:9      | Reached * piety under Cheibriados
 10794 | D:9      | Reached XP level 10. HP: 68/68 MP: 13/13
 10871 | D:9      | Noticed a two-headed ogre
 11288 | D:8      | Reached skill level 9 in Transmutations
 11778 | D:7      | Killed Maggie
 12256 | D:5      | Reached ** piety under Cheibriados
 12404 | D:5      | Noticed Grum
 12417 | D:5      | Killed Grum
 12807 | D:5      | HP: 4/85 [gnoll sergeant/+3 trident of venom (14)]
 12809 | D:5      | Succumbed to a gnoll sergeant's poison

Illustrated notes

Levels and vault maps discovered:
D:1:      minmay_arrival_five_plusses, layout_rooms
D:2:      layout_basic, shapermc_ecumenical_altar_hornbeckon,
          small_statue_intersection, kennysheep_generic_room_8
D:3:      layout_loops_cross, minmay_fractal_squares_diagonal_5
D:4:      wad_pebble_path, layout_loops_ring
D:5:      layout_cave_pools, serial_gnoll_camp, gnoll_camp_medium_02,
          grums_kennel, gnoll_camp_medium_01, gnoll_camp_mini_basic,
          gnoll_camp_mini_hut, gnoll_camp_mini_hut
D:6:      layout_basic, uniq_crazy_yiuf_cottage
D:7:      layout_rooms, kennysheep_mini, minmay_temple_entry_junction,
          chequers_serial_rivers_room_b, uniq_maggie
D:8:      layout_loops_ring, zin_angel, minitemple, corexii_leaking_fountain,
          nicolae_grassy_gnolls
D:9:      minmay_statue_hallways, layout_irregular_city, kennysheep_ying_yang,
          uniq_erolcha, uniq_joseph
Temple:   cyrus_circular_temple

Skill      XL: |  1  2  3  4  5  6  7  8  9 10 |
---------------+-------------------------------+-----
Stealth        | 1 |  1.0
Fighting       | 2 3 4 6 7 |  7.0
Poison Magic   | 2 3 |  3.0
Transmutations | 6 8 9 |  9.6
Ice Magic      | 4 8 |  8.0
Unarmed Combat | 5 |  5.0
Invocations    | 3 |  3.8
Dodging        | |  2.0
Spellcasting   | |  2.0

Action                   |  1- 3 |  4- 6 |  7- 9 | 10-12 || total
-------------------------+-------+-------+-------+-------++-------
Melee: Unarmed           |    88 |    85 |   362 |   135 ||   670
       Constrict         |    25 |    24 |     7 |     1 ||    57
       Kick              |    24 |    20 |     9 |       ||    53
       Tentacles         |    10 |    22 |     9 |     1 ||    42
       Punch             |       |     7 |     1 |       ||     8
Throw: Dart              |       |    25 |       |       ||    25
       Throwing net      |       |     1 |       |       ||     1
 Cast: Beastly Appendage |    19 |    18 |     4 |       ||    41
       Spider Form       |       |       |    30 |       ||    30
       Ice Form          |       |       |    15 |    14 ||    29
       Wereblood         |       |       |     2 |     1 ||     3
Evoke: Wand              |       |       |       |     7 ||     7
  Use: Scroll            |     3 |     2 |    10 |       ||    15
       Potion            |     1 |     1 |       |     3 ||     5
 Stab: Sleeping          |     7 |     3 |     4 |       ||    14
       Paralysed         |       |       |       |     6 ||     6
Armor: Skin              |     7 |     3 |    93 |    87 ||   190
Dodge: Dodged            |    68 |    43 |   278 |   106 ||   495
